 Dungeon Crawl Stone Soup version 0.26.0-20-g3ca415f5b8 (webtiles) character file.

Game seed: 4714865019284467528

576769 hatsuma the Executioner (level 25, -4/219 (253) HPs)
             Began as a Minotaur Berserker on Jan 23, 2021.
             Was the Champion of Trog.
             Killed from afar by a shadow dragon (46 damage)
             ... with a bolt of negative energy
             ... on level 3 of the Realm of Zot on Jan 24, 2021.
             The game lasted 07:58:49 (56057 turns).

hatsuma the Executioner (Minotaur Berserker)       Turns: 56057, Time: 07:58:50

HP:   -4/219 (253)  AC: 53    Str: 31    XL:     25   Next: 81%
MP:   22/22         EV: 14    Int:  5    God:    Trog [******]
Gold: 6074          SH:  0    Dex: 10    Spells: 24/24 levels left

rFire    + + +     SeeInvis .   a - +8 frozen axe "Frostbite" {freezing cloud, *Noise +Fly rC+}
rCold    + + +     Faith    .   (shield currently unavailable)
rNeg     . . .     Spirit   .   D - +9 scales of the Dragon King {rPois rF+ rC+ Will+}
rPois    +         Reflect  .   (helmet restricted)
rElec    +         Harm     .   z - +3 cloak of the Pink Corner {Str+3}
rCorr    +         Rampage  .   U - +1 pair of gloves {archery}
Will     +++++                  x - +1 pair of boots "Biutuf" {rF+ Will+ rCorr Dex-5}
Stlth    ..........             R - amulet of Amiynn {rElec Regen+}
HPRegen  1.86/turn              v - ring "Icuaps" {rF+ rC+ Stlth+}
MPRegen  0.18/turn              G - ring of the Tortoise {AC+8}

@: berserk cooldown, very slightly contaminated, regenerating, slowed, heavily
drained, invisible (expiring), very slow
A: retaliatory headbutt, horns 2
}: 3/15 runes: decaying, serpentine, abyssal
a: Renounce Religion, Evoke Flight, Berserk, Trog's Hand, Brothers in Arms


You were on level 3 of the Realm of Zot.
You worshipped Trog.
Trog was exalted by your worship.
You visited 9 branches of the dungeon, and saw 47 of its levels.
You visited the Abyss 2 times.
You visited 1 bazaar.
You also visited: Ice Cave, Volcano and Wizlab.

You collected 7943 gold pieces.
You spent 1869 gold pieces at shops.

Inventory:

Hand Weapons
 a - the +8 frozen axe "Frostbite" (weapon) {freezing cloud, *Noise +Fly rC+}
   (Trog gifted it to you on level 4 of the Snake Pit)

   It has been specially enchanted to freeze those struck by it, causing extra
   injury to most foes and up to half again as much damage against particularly
   susceptible opponents.
   It can also slow down cold-blooded creatures.
   It protects you from cold.
   It lets you fly.
   It may make noises in combat.
 b - a +9 antimagic battleaxe
 Z - the +8 longbow "Zephyr" {speed, Dex+3 SInv}
   (You found it on level 3 of the Elven Halls)

   Attacks with this weapon are significantly faster.
   It affects your dexterity (+3).
   It lets you see invisible.
Missiles
 F - 1458 arrows
Armour
 x - the +1 pair of boots "Biutuf" (worn) {rF+ Will+ rCorr Dex-5}
   (You found it on level 2 of the Vaults)

   It affects your dexterity (-5).
   It protects you from fire.
   It affects your willpower, your defense against some magical effects.
   It provides partial protection from all sources of acid and corrosion.
 z - the +3 cloak of the Pink Corner (worn) {Str+3}
   (You found it on level 3 of the Elven Halls)

   It affects your strength (+3).
 D - the +9 scales of the Dragon King (worn) {rPois rF+ rC+ Will+}
   (You found it on level 2 of the Depths)

   It protects you from fire.
   It protects you from cold.
   It protects you from poison.
   It affects your willpower, your defense against some magical effects.
 U - a +1 pair of gloves of archery (worn)
Jewellery
 p - an uncursed ring of positive energy
 v - the ring "Icuaps" (left hand) {rF+ rC+ Stlth+}
   (You bought it in a shop on level 2 of the Orcish Mines)

   [ring of protection from fire]

   It protects you from fire.
   It protects you from cold.
   It makes you more stealthy.
 G - the ring of the Tortoise (right hand) {AC+8}
   (You found it on level 2 of the Snake Pit)

   [ring of protection]

   It affects your AC (+8).
 R - the amulet of Amiynn (around neck) {rElec Regen+}
   (You found it on level 1 of the Depths)

   [amulet of regeneration]

   It insulates you from electricity.
   It increases your rate of regeneration.
Wands
 h - a wand of disintegration (23)
 k - a wand of acid (40)
 B - a wand of paralysis (47)
 E - a wand of enslavement (54)
 I - a wand of polymorph (41)
 K - a wand of iceblast (22)
 N - a wand of digging (8)
 O - a wand of random effects (43)
Scrolls
 c - a scroll of fear
 d - 5 scrolls of identify
 i - 3 scrolls of enchant armour
 j - 11 scrolls of blinking
 m - 22 scrolls of teleportation
 n - 2 scrolls of enchant weapon
 q - 24 scrolls of remove curse
 r - 5 scrolls of fog
 t - 4 scrolls of summoning
 u - a scroll of magic mapping
 C - a scroll of silence
 L - 2 scrolls of vulnerability
 V - 2 scrolls of holy word
Potions
 e - 23 potions of curing
 f - 7 potions of mutation
 s - 4 potions of resistance
 w - 7 potions of haste
 A - 5 potions of lignification
 H - 7 potions of cancellation
 J - 6 potions of flight
 P - 3 potions of invisibility
 Q - 5 potions of might
 S - 4 potions of berserk rage
 W - a potion of ambrosia
Miscellaneous
 g - a phantom mirror
 o - a phial of floods
 M - a box of beasts
 T - a tin of tremorstones (2/2)
 X - a condenser vane


   Skills:
 - Level 26.0 Fighting
 - Level 26.0 Axes
 + Level 24.9 Armour
 - Level 17.2 Dodging
 - Level 20.0 Evocations


You had 24 spell levels left.
You didn't know any spells.
Your spell library was empty.

Dungeon Overview and Level Annotations

Branches:
Dungeon (15/15)            Temple (0/1) D:7            Lair (6/6) D:11
  Swamp (4/4) Lair:2        Snake (4/4) Lair:2        Slime (0/5) Lair:5
    Orc (2/2) D:10            Elf (3/3) Orc:2        Vaults (4/5) D:13
  Crypt (0/3) Vaults:3     Depths (5/5) D:15            Zot (4/5) Depths:5
  IceCv (visited)         Volcano (visited)          WizLab (visited)

Altars:
Cheibriados
Elyvilon
Gozag
Kikubaaqudgha
Makhleb
Qazlal
Ru
Sif Muna
Trog
Vehumet
Wu Jian
Yredelemnul
Zin
The Shining One
Beogh
Jiyva
Lugonu

Shops:
D:10 [   D:12 [   Orc:2 *(*(=   Snake:4 [   Vaults:2 =   Vaults:3 =
Vaults:4 ([(   Depths:3 }=}   Depths:4 =*}*

Portals:
Hell: Depths:1 Depths:2 Depths:3 Depths:4 Depths:5
Abyss: Depths:4 Depths:5
Pandemonium: Depths:1 Depths:3 Depths:5
Ziggurat: Depths:1
Trove: D:12 (give 13 potions of heal wounds)

Annotations:
D:15 exclusion: obsidian statue
Swamp:3 2 transporters, SturgillTurtle's ghost, adept MiFi
Depths:5 3 runed translucent doors, Izxaffuj's ghost, adept TrMo


Innate Abilities, Weirdness & Mutations

You reflexively headbutt those who attack you in melee.
You have a pair of horns on your head.


Message History

The death cob is engulfed in freezing vapours.
The death cob hits you but does no damage.
Your skin crawls.
You feel strong-willed.
You flicker for a moment.
The death cob is engulfed in freezing vapours.
The death cob hits you but does no damage.
The death cob is engulfed in freezing vapours.
The death cob hits you but does no damage.
The death cob is engulfed in freezing vapours.
The death cob hits you.
* * * LOW HITPOINT WARNING * * *
The death cob drains your vigour!
You feel as though you will be slow longer.
You hit the death cob but do no damage. You headbutt the death cob.
You destroy the death cob!
Trog accepts your kill.
You closely miss the shadow dragon.
The shadow dragon breathes negative energy at you.
The bolt of negative energy hits you!!!
You feel drained.
You die...

......'...............#......#
.....[#...............#......#
(....#######....##....#......#
#######...###'####....##..)..#
.....##....'....##....##.....#
......#....#.....#.z..##....#####
......#....#.....#.z..##'#####...
......#....#.....#z...#.)...)....
.)....#....#....@#....#....).....
......#....#....°D....#..<.......
....###...###...##....#####.####.
...[###...###...##....##.##.####.
..[<..)))........#.......#.......
.................#.......#)......
.................#......[))......
#################################


You could see a shadow dragon (catching breath).

Vanquished Creatures
  Bai Suzhen (Depths:2)
  A Killer Klown (Zot:3)
  Saint Roka (Depths:2)
  2 curse toes (Zot:2)
  Nikola (Depths:1)
  9 golden dragons
  A bone dragon (Abyss:2)
  Jory (Vaults:4)
  8 tentacled monstrosities
  2 Ice Fiends (IceCv)
  Rupert (Lair:6)
  A Hell Sentinel (Depths:2)
  A lich (Depths:3)
  3 deep elf blademasters
  3 deep elf master archers (Elf:3)
  A titan (Vaults:4)
  4 quicksilver dragons
  An Executioner (Depths:4)
  2 tentacled starspawn
  Frances (D:14)
  9 death cobs
  2 thorn hunters (Swamp:4)
  A sphinx (Vaults:2)
  3 tengu reavers
  6 draconian monks
  2 shadow dragons
  Donald (Swamp:3)
  Roxanne (Snake:3)
  A fenstrider witch (Swamp:3)
  7 storm dragons
  11 nagarajas
  5 draconian knights
  6 fire giants
  An orc warlord (Orc:1)
  8 frost giants
  A cacodemon (Depths:4)
  A juggernaut zombie (Depths:4)
  9 deep elf sorcerers
  A balrug (Depths:4)
  Aizul (Snake:3)
  A ghost moth (Zot:1)
  4 draconian scorchers (Zot:3)
  12 vault wardens
  3 draconian shifters
  6 deep elf elementalists (Elf:3)
  6 draconian annihilators
  14 stone giants
  2 draconian stormcallers (Zot:3)
  An angel (Depths:3)
  14 very ugly things
  2 spriggan defenders (Depths:4)
  A war gargoyle (Vaults:2)
  8 ironheart preservers
  11 deep elf demonologists
  5 black draconians
  2 grey draconians (Depths:5)
  7 green draconians
  A lorocyproca (Abyss:2)
  2 bunyips
  10 yellow draconians
  9 deep elf annihilators (Elf:3)
  28 purple draconians
  8 white draconians
  4 dire elephants (Lair:6)
  8 red draconians
  7 deep elf death magi
  3 eleionomae
  15 fire dragons
  A merfolk javelineer (Depths:2)
  A green death (Abyss:3)
  9 statues (WizLab)
  16 ettins
  4 deep elf high priests (Elf:3)
  13 yaktaur captains
  3 jiangshi (Depths:1)
  A shambling mangrove (Swamp:3)
  10 great orbs of eyes
  13 rakshasas
  A caustic shrike simulacrum (Depths:2)
  36 naga warriors
  28 hydras
  6 vault guards
  14 ice dragons
  10 boulder beetles
  6 centaur warriors
  3 spriggan air magi
  9 anacondas
  9 ogre magi
  28 two-headed ogres
  11 alligators
  A death knight (Vaults:4)
  A death yak (Lair:4)
  8 deep troll shamans
  9 orc high priests
  15 naga sharpshooters
  3 vampire magi
  20 dancing weapons
  4 deep troll earth magi
  4 tengu warriors
  3 hell hogs
  2 soul eaters (Depths:3)
  2 thrashing horrors (Abyss:3)
  25 deep elf knights
  5 shock serpents
  10 spriggan berserkers
  Sonja (Lair:6)
  13 spriggans
  A wretched star (Abyss:3)
  A shadow wraith (Vaults:4)
  3 iron trolls
  7 skeletal warriors
  2 titan skeletons
  3 salamander mystics
  A fire crab (shapeshifter) (Elf:3)
  A sea snake (shapeshifter) (Elf:1)
  A golden dragon zombie (Depths:4)
  28 hell knights
  A sixfirhy (Depths:3)
  A storm dragon skeleton (Depths:4)
  A shadow demon (Depths:3)
  A torturous demonspawn (Depths:3)
  A spriggan druid (Swamp:2)
  3 goliath frogs
  6 unseen horrors
  A glowing orange brain (shapeshifter) (Elf:1)
  A glowing orange brain (D:15)
  5 flayed ghosts
  4 sea snakes (Snake:2)
  3 wizards
  8 swamp dragons
  9 starcursed masses
  13 bog bodies
  An orange crystal statue (Elf:1)
  10 deep trolls
  8 naga ritualists
  19 deep elf archers
  11 orc knights
  2 anaconda skeletons (Volcano)
  A lindwurm (Lair:6)
  10 necromancers
  6 orc sorcerers
  13 ironbrand convokers
  74 deep elf magi
  A harpy (Vaults:2)
  A sphinx skeleton (Vaults:2)
  A wolf spider (shapeshifter) (Vaults:2)
  3 manticores
  A cyclops (shapeshifter) (Vaults:3)
  5 wolf spiders
  A salamander (shapeshifter) (Depths:2)
  7 mana vipers
  An oklob plant (Lair:5)
  15 salamanders
  A faun (shapeshifter) (D:15)
  2 human zombies
  12 slime creatures
  39 ugly things
  2 will-o-the-wisps (Swamp:1)
  An iron dragon skeleton (Depths:1)
  7 cyclopes
  8 moths of wrath
  24 naga magi
  10 guardian serpents
  10 vault sentinels
  3 ice statues
  29 black mambas
  5 elephants
  A black mamba (shapeshifter) (Vaults:3)
  A cane toad (shapeshifter) (Vaults:1)
  5 gargoyles
  16 cane toads
  An orange demon (Depths:4)
  3 kobold demonologists (Depths:4)
  A smoke demon (Depths:4)
  11 komodo dragons
  64 yaktaurs
  5 freezing wraiths
  2 efreet
  A yaktaur (shapeshifter) (Depths:2)
  A hellwing (Depths:4)
  12 ice devils (IceCv)
  A red devil (Depths:3)
  A queen bee (shapeshifter) (Vaults:4)
  A silent spectre (Abyss:3)
  4 trolls
  A jumping spider (shapeshifter) (Depths:2)
  A polar bear (Lair:5)
  A merfolk (shapeshifter) (Vaults:4)
  A tengu conjurer (Depths:5)
  6 large abominations
  2 ancient zymes
  4 tyrant leeches
  20 hornets
  A slime creature (shapeshifter) (Depths:2)
  An ice dragon zombie (Depths:1)
  A raiju (shapeshifter) (D:15)
  A hornet (shapeshifter) (Vaults:4)
  Prince Ribbit (Lair:1)
  7 blink frogs
  10 raiju (Abyss:2)
  A stone giant simulacrum (Depths:2)
  A dream sheep (Lair:4)
  3 flying skulls (Volcano)
  3 air elementals
  8 wyverns
  46 yaks
  2 shadows
  A vampire (D:14)
  3 ynoxinuls
  A human (shapeshifter) (Vaults:3)
  An ettin skeleton (Abyss:3)
  4 water elementals
  4 basilisks
  An alligator skeleton (Volcano)
  2 neqoxecs (Depths:4)
  3 small abominations
  A golden eye (shapeshifter) (D:15)
  4 wraiths
  4 fire elementals
  A steam dragon (D:12)
  16 vampire mosquitoes
  12 swamp worms
  5 acid dragons
  17 wargs
  A soldier ant (D:15)
  9 hell hounds (Depths:3)
  75 nagas
  18 water moccasins
  9 swamp drakes
  A floating eye (Abyss:3)
  42 orc warriors
  4 black bears
  6 ice beasts
  A black bear (shapeshifter) (Depths:3)
  An ettin simulacrum (Depths:1)
  7 sky beasts
  A necrophage (D:11)
  An eye of draining (D:12)
  16 ogres
  A spriggan simulacrum (Depths:2)
  4 boggarts
  5 phantoms
  11 wolves
  5 centaurs
  An orc skeleton (Vaults:2)
  A big kobold (D:11)
  21 bullfrogs
  2 earth elementals (Elf:1)
  2 wyvern skeletons
  4 scorpions
  14 killer bees
  5 wights (D:15)
  5 howler monkeys
  A troll skeleton (Volcano)
  8 electric eels
  3 crimson imps
  2 quasits
  4 bullfrog zombies
  4 centaur zombies
  5 jellies
  2 centaur skeletons
  36 orc priests
  2 bullfrog skeletons
  7 hounds
  22 orc wizards
  3 iron imps
  3 hell rats (Lair:4)
  5 iguanas
  8 worker ants
  2 lightning spires (Swamp:1)
  A naga skeleton (Volcano)
  A hound skeleton (D:5)
  9 adders
  4 gnolls (D:4)
  3 shadow imps
  15 white imps
  12 ufetubi
  An ooze (D:7)
  3 adder zombies
  5 leopard geckos
  104 orcs
  2 ball pythons
  2 giant cockroaches (D:1)
  7 goblins (D:1)
  4 hobgoblins (D:1)
  7 kobolds
  5 quokkas
  5 bats
  2 frilled lizards
  A leopard gecko zombie (D:8)
  A quokka skeleton (D:5)
  4 rats
  10 briar patches (Swamp:4)
  2 starspawn tentacles (Abyss:3)
2057 creatures vanquished.

Vanquished Creatures (collateral kills)
  A tengu reaver (Vaults:4)
  A storm dragon (Zot:1)
  A nagaraja (Snake:4)
  Nessos (Lair:6)
  Harold (Orc:1)
  2 orc knights
  A guardian serpent (Snake:4)
  A yaktaur (Vaults:4)
  A troll (Orc:1)
  3 orc warriors (Orc:1)
  5 orc priests
  An orc wizard (Orc:1)
  9 orcs
28 creatures vanquished.

Vanquished Creatures (others)
  A bunyip (Swamp:2)
  A dancing weapon (Elf:2)
  A deep elf mage (Vaults:4)
  A salamander (Depths:5)
  3 bloated husks
  A water elemental (Elf:1)
  A golden eye (shapeshifter) (Elf:1)
  A scorpion (D:11)
  4 ufetubi (IceCv)
  9 orcs
  2 ball lightnings (Swamp:1)
  A briar patch (Swamp:4)
  14 foxfires (Swamp:1)
  44 fungi
  A lurking horror (Abyss:3)
  162 plants
  5 starspawn tentacles
252 creatures vanquished.

Grand Total: 2337 creatures vanquished

Notes
Turn   | Place    | Note
-------+----------+-------------------------------------------
     0 | D:1      | hatsuma the Minotaur Berserker began the quest for the Orb.
     0 | D:1      | Reached XP level 1. HP: 19/19 MP: 0/0
   153 | D:1      | Reached XP level 2. HP: 22/27 MP: 1/1
   643 | D:1      | Reached XP level 3. HP: 31/33 MP: 2/2
  1253 | D:2      | Found an ancient bone altar of Kikubaaqudgha.
  1253 | D:2      | Found a shimmering blue altar of Sif Muna.
  1255 | D:2      | Found a radiant altar of Vehumet.
  1259 | D:2      | Identified Sif Muna's Collected Works on the Oath
  1345 | D:2      | Found a sacrificial altar of Ru.
  1809 | D:3      | Reached skill level 5 in Axes
  1905 | D:3      | Reached ** piety under Trog
  2337 | D:4      | Reached XP level 4. HP: 37/41 MP: 3/3
  2445 | D:4      | Reached skill level 5 in Fighting
  2712 | D:4      | Reached XP level 5. HP: 45/48 MP: 4/4
  3014 | D:5      | Entered Level 5 of the Dungeon
  3055 | D:5      | Noticed a phantom
  3067 | D:5      | Killed a phantom
  3068 | D:5      | Reached XP level 6. HP: 52/56 MP: 5/5
  3086 | D:5      | Noticed a sky beast
  3093 | D:5      | Killed a sky beast
  3158 | D:5      | Found a snail-covered altar of Cheibriados.
  3411 | D:5      | Reached XP level 7. HP: 64/66 MP: 6/6
  3440 | D:5      | Found a glowing silver altar of Zin.
  3445 | D:5      | Found a basalt altar of Yredelemnul.
  3468 | D:5      | Found a stormy altar of Qazlal.
  3559 | D:5      | Found a bloodstained altar of Trog.
  3559 | D:5      | Found a white marble altar of Elyvilon.
  3871 | D:6      | Found a glowing golden altar of the Shining One.
  3953 | D:6      | Reached XP level 8. HP: 72/74 MP: 7/7
  3969 | D:6      | Found an opulent altar of Gozag.
  4070 | D:6      | Reached *** piety under Trog
  4203 | D:7      | Found a staircase to the Ecumenical Temple.
  4503 | D:7      | Killed an unseen horror
  4504 | D:7      | Reached XP level 9. HP: 63/83 MP: 8/8
  5369 | D:7      | Reached skill level 10 in Fighting
  5591 | D:8      | Reached skill level 10 in Axes
  5682 | D:8      | Reached skill level 5 in Dodging
  5995 | D:8      | Reached **** piety under Trog
  6325 | D:8      | Reached XP level 10. HP: 95/95 MP: 9/9
  6553 | D:9      | Paralysed by a hornet for 1 turns
  6749 | D:9      | Found a stormy altar of Qazlal.
  6974 | D:9      | Noticed a two-headed ogre
  6979 | D:9      | Killed a two-headed ogre
  7173 | D:9      | Noticed a gargoyle
  7181 | D:9      | Killed a gargoyle
  7326 | D:9      | Got a slimy leather armour
  7346 | D:9      | Identified the +1 leather armour "Kaorchug" {Will++} (You
                  | found it on level 9 of the Dungeon)
  7410 | D:10     | Entered Level 10 of the Dungeon
  7444 | D:10     | Found a staircase to the Orcish Mines.
  7676 | D:10     | Found Tickiheb's Armour Emporium.
  7784 | D:10     | Reached ***** piety under Trog
  7924 | D:11     | Noticed a four-headed hydra
  7954 | D:11     | Noticed an eight-headed hydra
  7955 | D:11     | Noticed a boulder beetle
  7955 | D:11     | Noticed a two-headed ogre
  7974 | D:10     | Killed a two-headed ogre
  7975 | D:10     | Reached XP level 11. HP: 99/105 MP: 10/10
  8132 | D:10     | Received a gift from Trog
  8165 | D:11     | Killed a four-headed hydra
  8192 | D:11     | Killed a boulder beetle
  8356 | D:11     | Killed an eight-headed hydra
  8563 | D:11     | Found a staircase to the Lair.
  8563 | D:11     | Noticed a white ugly thing
  8565 | D:11     | Killed a white ugly thing
  8739 | Lair:1   | Entered Level 1 of the Lair of Beasts
  9039 | Lair:1   | Reached XP level 12. HP: 117/117 MP: 11/11
  9047 | Lair:1   | Noticed a boulder beetle
  9053 | Lair:1   | Killed a boulder beetle
  9237 | Lair:1   | Noticed Prince Ribbit
  9245 | Lair:1   | Killed Prince Ribbit
  9320 | Lair:1   | Reached skill level 15 in Fighting
  9483 | Lair:2   | Found a staircase to the Swamp.
  9502 | Lair:2   | Noticed a four-headed hydra
  9511 | Lair:2   | Killed a four-headed hydra
  9531 | Lair:2   | Noticed a six-headed hydra
  9544 | Lair:2   | Reached skill level 15 in Axes
  9558 | Lair:2   | Killed a six-headed hydra
  9916 | Lair:2   | Found an ancient bone altar of Kikubaaqudgha.
  9931 | Lair:2   | Found a staircase to the Snake Pit.
 10374 | Lair:3   | Noticed a seven-headed hydra
 10388 | Lair:3   | Killed a seven-headed hydra
 10861 | Lair:3   | Noticed a five-headed hydra
 10869 | Lair:3   | Killed a five-headed hydra
 11135 | Lair:4   | Noticed an eight-headed hydra
 11139 | Lair:4   | Killed an eight-headed hydra
 11140 | Lair:4   | Reached XP level 13. HP: 87/128 MP: 12/12
 11320 | Lair:4   | Got a smoking scale mail
 11338 | Lair:4   | Identified the +1 scale mail "Mecypeol" {rF++ Slay+3} (You
                  | found it on level 4 of the Lair of Beasts)
 11683 | Lair:4   | Reached skill level 10 in Armour
 11980 | Lair:4   | Received a gift from Trog
 11983 | Lair:4   | Got an iridescent battleaxe {god gift}
 11984 | Lair:4   | Identified the +4 battleaxe "Muritie" {vorpal, Will+ Dex+3}
                  | (Trog gifted it to you on level 4 of the Lair of Beasts)
 12281 | Lair:4   | Got a faintly glowing buckler
 12316 | Lair:4   | Identified the +3 buckler of Elyvilon's Vengeance {Str+4
                  | SInv} (You found it on level 4 of the Lair of Beasts)
 12736 | Lair:5   | Found a staircase to the Slime Pits.
 12736 | Lair:5   | Found a viscous altar of Jiyva.
 13131 | Lair:6   | Entered Level 6 of the Lair of Beasts
 13325 | Lair:6   | Noticed Sonja
 13348 | Lair:6   | Killed Sonja
 13568 | Lair:6   | Noticed Rupert
 13595 | Lair:6   | Killed Rupert
 13596 | Lair:6   | Reached XP level 14. HP: 141/141 MP: 13/13
 13673 | Lair:6   | Noticed Nessos
 13701 | Lair:6   | Killed Nessos
 15070 | D:12     | Found Mefeust's Armour Shoppe.
 15081 | D:12     | Got a dazzling leather armour
 15092 | D:12     | Identified the cursed +0 leather armour of Jaeguot {Dex+3}
                  | (You found it on level 12 of the Dungeon)
 15364 | D:12     | Found a portal to a secret trove of treasure.
 15889 | Orc:1    | Entered Level 1 of the Orcish Mines
 15914 | Orc:1    | Received a gift from Trog
 15992 | Orc:1    | Found a dark tunnel.
 16001 | Orc:1    | Noticed Harold
 16023 | Orc:1    | Killed Harold
 16031 | Volcano  | Entered a volcano
 16460 | Orc:1    | Noticed an orc warlord
 16487 | Orc:1    | Killed an orc warlord
 16596 | Orc:2    | Entered Level 2 of the Orcish Mines
 16674 | Orc:2    | Found Raos's Assorted Antiques.
 17143 | Orc:2    | Found a staircase to the Elven Halls.
 17245 | Orc:2    | Found Feupurgha's General Store.
 17255 | Orc:2    | Reached XP level 15. HP: 115/150 MP: 14/14
 17255 | Orc:2    | Reached ****** piety under Trog
 17305 | Orc:2    | Found Adueppud's Antique Weapon Shop.
 17447 | Orc:2    | Received a gift from Trog
 17515 | Orc:2    | Found Wiun's Weapon Emporium.
 17515 | Orc:2    | Found Guirhol's Jewellery Shop.
 17530 | Orc:2    | Found a roughly hewn altar of Beogh.
 18217 | D:13     | Found a gate to the Vaults.
 18383 | D:13     | Got a faintly glowing bardiche
 18384 | D:13     | Identified the cursed +0 bardiche "Meigah" {vorpal, rElec
                  | rF+ Stlth+} (You found it on level 13 of the Dungeon)
 18600 | D:13     | Found a radiant altar of Vehumet.
 19015 | D:14     | Noticed Frances
 19023 | D:14     | Killed Frances
 19439 | D:15     | Entered Level 15 of the Dungeon
 20082 | D:15     | Received a gift from Trog
 20640 | D:15     | Reached XP level 16. HP: 94/162 MP: 15/15
 20834 | D:15     | Found a staircase to the Depths.
 21030 | Snake:1  | Entered Level 1 of the Snake Pit
 21169 | Snake:1  | Received a gift from Trog
 22596 | Snake:2  | Found the ring of the Tortoise {AC+8}
 23391 | Snake:3  | Received a gift from Trog
 24029 | Snake:3  | Reached skill level 15 in Armour
 24451 | Snake:3  | Identified Roxanne's Volume of Stones
 24451 | Snake:3  | Noticed Roxanne
 24496 | Snake:3  | Killed Roxanne
 24713 | Snake:3  | Reached XP level 17. HP: 163/173 MP: 16/16
 24794 | Snake:3  | Noticed Aizul
 24813 | Snake:3  | Killed Aizul
 25461 | Snake:4  | Entered Level 4 of the Snake Pit
 25630 | Snake:4  | Found Gyrorrat's Armour Shoppe.
 25721 | Snake:4  | Identified the amulet "Lesuok" {RegenMP rN+ MP-9 Dex+7}
 25744 | Snake:4  | Received a gift from Trog
 27083 | Snake:4  | Received a gift from Trog
 27731 | Snake:4  | Got a serpentine rune of Zot
 27886 | Snake:4  | Received a gift from Trog
 27887 | Snake:4  | Found the +8 frozen axe "Frostbite" {freezing cloud, *Noise
                  | +Fly rC+}
 28117 | Snake:4  | Reached XP level 18. HP: 182/182 MP: 17/17
 28421 | Swamp:1  | Entered Level 1 of the Swamp
 28721 | Swamp:1  | Found a frozen archway.
 28727 | IceCv    | Entered an ice cave
 28942 | IceCv    | Noticed an Ice Fiend
 28956 | IceCv    | Killed an Ice Fiend
 29142 | IceCv    | Noticed an Ice Fiend
 29159 | IceCv    | Killed an Ice Fiend
 29928 | Swamp:1  | Received a gift from Trog
 29937 | Swamp:1  | Got a shimmering battleaxe {god gift}
 29938 | Swamp:1  | Identified the +5 battleaxe of Maixkido {vorpal, +Inv rPois
                  | Str+2} (Trog gifted it to you on level 1 of the Swamp)
 30960 | Swamp:3  | Noticed Donald
 31040 | Swamp:3  | Killed Donald
 31061 | Swamp:3  | Found a transporter.
 31061 | Swamp:3  | Identified the +1 hunting sling of Bloodstone {venom, rElec
                  | rN+}
 31068 | Swamp:3  | Identified the +8 morningstar "Hovauxt" {antimagic, rElec
                  | Int+4}
 31068 | Swamp:3  | Noticed SturgillTurtle's ghost (adept MiFi)
 31169 | Swamp:3  | Found a transporter.
 31240 | Swamp:3  | Found a bloodstained altar of Trog.
 31499 | Swamp:4  | Entered Level 4 of the Swamp
 31836 | Swamp:4  | Received a gift from Trog
 32788 | Swamp:4  | Got a decaying rune of Zot
 32823 | Swamp:4  | Reached XP level 19. HP: 190/191 MP: 18/18
 33075 | Elf:1    | Entered Level 1 of the Elven Halls
 33088 | Elf:1    | Received a gift from Trog
 33148 | Elf:1    | Paralysed by an orc sorcerer for 6 turns
 33880 | Elf:1    | Cast into level 2 of the Abyss (a deep elf demonologist)
 33944 | Abyss:2  | Noticed a bone dragon
 33955 | Abyss:2  | Killed a bone dragon
 34126 | Abyss:2  | Found a corrupted altar of Lugonu.
 34198 | Elf:1    | Escaped the Abyss
 34286 | Elf:1    | Received a gift from Trog
 34465 | Elf:1    | Found a runed translucent gate.
 34465 | Elf:1    | Found a runed translucent gate.
 34465 | Elf:1    | Found a runed translucent gate.
 34465 | Elf:1    | Found a runed translucent gate.
 34465 | Elf:1    | Found a runed translucent gate.
 34466 | Elf:1    | Found a runed translucent gate.
 35219 | Elf:2    | Found an ancient bone altar of Kikubaaqudgha.
 35609 | Elf:2    | Found a huge runed translucent gate.
 35609 | Elf:2    | Found a huge runed translucent gate.
 35609 | Elf:2    | Found a huge runed translucent gate.
 35609 | Elf:2    | Found a huge runed translucent gate.
 35609 | Elf:2    | Found a huge runed translucent gate.
 35819 | Elf:2    | Received a gift from Trog
 36286 | Elf:3    | Entered Level 3 of the Elven Halls
 37050 | Elf:3    | Reached XP level 20. HP: 179/199 MP: 6/19
 37704 | Elf:3    | Received a gift from Trog
 37853 | Elf:3    | Cast into level 3 of the Abyss (a deep elf sorcerer)
 38307 | Abyss:3  | Got an abyssal rune of Zot
 38326 | Elf:3    | Escaped the Abyss
 38573 | Elf:3    | Received a gift from Trog
 39313 | Elf:3    | Found the +8 longbow "Zephyr" {speed, Dex+3 SInv}
 39324 | Elf:3    | Identified the +3 leather armour "Citibraz" {Stlth+}
 39412 | Elf:3    | Got a clouded glass ring
 39443 | Elf:3    | Identified the ring "Bagus" {*Contam rPois Str-5 SInv
                  | Stlth+} (You found it on level 3 of the Elven Halls)
 39466 | Elf:3    | Got a vibrating steel ring
 39467 | Elf:3    | Identified the ring "Gatiof" {*Tele rN+ Dex+4} (You found
                  | it on level 3 of the Elven Halls)
 39521 | Elf:3    | Identified the Catalogue of the Entourage and Orientation
 39527 | Elf:3    | Got a fine cloak
 39538 | Elf:3    | Identified the +3 cloak of the Pink Corner {Str+3} (You
                  | found it on level 3 of the Elven Halls)
 39544 | Elf:3    | Identified Motuve Urobi's Compendium of Battle Magic and
                  | the Snowflakes
 39893 | Vaults:1 | Entered Level 1 of the Vaults
 39961 | Vaults:1 | Received a gift from Trog
 40177 | Vaults:1 | Reached XP level 21. HP: 212/212 MP: 20/20
 40780 | Vaults:1 | Got a shimmering leather armour
 40791 | Vaults:1 | Identified the +3 leather armour of the Tick {rPois rN+
                  | Str-2} (You found it on level 1 of the Vaults)
 41113 | Vaults:2 | Paralysed by a great orb of eyes for 7 turns
 41290 | Vaults:2 | Got a pair of brightly glowing boots
 41301 | Vaults:2 | Identified the +1 pair of boots "Biutuf" {rF+ Will+ rCorr
                  | Dex-5} (You found it on level 2 of the Vaults)
 41575 | Orc:2    | Bought the ring "Icuaps" {rF+ rC+ Stlth+} for 585 gold
                  | pieces
 41721 | Vaults:2 | You fall into a shaft and drop 2 floors!
 41744 | Vaults:4 | Found a flickering gateway to a bazaar.
 41753 | Bazaar   | Entered a bazaar
 41755 | Bazaar   | Found Faocuc's Book Boutique.
 41759 | Bazaar   | Found Wempeth's Magic Scroll Boutique.
 41759 | Bazaar   | Found Nourghunu's Antique Armour Boutique.
 41759 | Bazaar   | Found Qupum's Gadget Boutique.
 41782 | Bazaar   | Bought a pair of glowing boots for 150 gold pieces
 41808 | Bazaar   | Bought a manual of Evocations for 1104 gold pieces
 41819 | Bazaar   | Bought a scroll of identify for 30 gold pieces
 41853 | Vaults:4 | Reached skill level 1 in Evocations
 41858 | Vaults:4 | Received a gift from Trog
 41876 | Vaults:4 | Reached skill level 5 in Evocations
 41897 | Vaults:4 | Noticed Jory
 41915 | Vaults:4 | Killed Jory
 42014 | Vaults:4 | Found Okan's Weapon Boutique.
 42014 | Vaults:4 | Found Quridoiqit's Armour Boutique.
 42015 | Vaults:4 | Found Awuetiducu's Weapon Boutique.
 42036 | Vaults:4 | Reached skill level 10 in Evocations
 42085 | Vaults:4 | Received a gift from Trog
 42119 | Vaults:4 | Found a magical portal.
 42134 | WizLab   | Entered Iskenderun's Mystic Tower
 43359 | WizLab   | Identified the Handbook of Salt
 43370 | WizLab   | Identified Iskenderun's Disquisition on Conjuration
 43370 | WizLab   | Identified Iskenderun's Collected Works on Attacks
 43684 | Vaults:4 | Received a gift from Trog
 43772 | Vaults:4 | Reached XP level 22. HP: 219/226 MP: 21/21
 44772 | Vaults:3 | Found Suogec's Jewellery Shop.
 45006 | Vaults:3 | Received a gift from Trog
 45476 | Vaults:3 | Found a staircase to the Crypt.
 45476 | Vaults:3 | Found an ancient bone altar of Kikubaaqudgha.
 45477 | Vaults:3 | Found a basalt altar of Yredelemnul.
 45669 | Vaults:2 | Found Vaysamess's Jewellery Shoppe.
 46231 | Vaults:2 | Identified a scroll of acquirement
 46232 | Vaults:2 | Acquired 936 gold pieces
 46770 | Depths:1 | Entered Level 1 of the Depths
 46810 | Depths:1 | Found a gateway to a ziggurat.
 47107 | Depths:1 | You fall into a shaft and drop 1 floor!
 47112 | Depths:2 | Noticed Saint Roka
 47131 | Depths:2 | Killed Saint Roka
 47154 | Depths:2 | Received a gift from Trog
 47331 | Depths:2 | Noticed a golden dragon
 47340 | Depths:2 | Killed a golden dragon
 47470 | Depths:2 | Reached XP level 23. HP: 193/236 MP: 22/22
 47487 | Depths:2 | Noticed Bai Suzhen
 47498 | Depths:2 | Killed Bai Suzhen
 47751 | Depths:2 | Found the +9 scales of the Dragon King {rPois rF+ rC+
                  | Will+}
 48043 | Depths:2 | Received a gift from Trog
 48076 | Depths:2 | Got a shimmering battleaxe {god gift}
 48077 | Depths:2 | Identified the +7 battleaxe "Gybot" {flame, rC++ Will+
                  | Str+4 Dex-3} (Trog gifted it to you on level 2 of the
                  | Depths)
 48085 | Depths:1 | Found a one-way gate leading to the halls of Pandemonium.
 48085 | Depths:1 | Noticed Nikola
 48108 | Depths:1 | Killed Nikola
 48135 | Depths:1 | Found a gateway to Hell.
 48298 | Depths:1 | Got a translucent ruby amulet
 48309 | Depths:1 | Identified the amulet of Amiynn {rElec Regen+} (You found
                  | it on level 1 of the Depths)
 48577 | Depths:2 | Found an ornate altar of the Wu Jian Council.
 49341 | Depths:2 | Received a gift from Trog
 50062 | Depths:3 | Found Zodao's Gadget Shoppe.
 50063 | Depths:3 | Found Bacry's Jewellery Boutique.
 50065 | Depths:3 | Found Lotuum's Gadget Shoppe.
 50157 | Depths:3 | Reached skill level 15 in Evocations
 50229 | Depths:3 | You fall into a shaft and drop 1 floor!
 50269 | Depths:3 | Received a gift from Trog
 50564 | Depths:3 | Found a glowing golden altar of the Shining One.
 50765 | Depths:4 | Upgraded the game from 0.26.0-18-gc5c842f807 to
                  | 0.26.0-20-g3ca415f5b8
 50797 | Depths:4 | Reached XP level 24. HP: 206/245 MP: 7/22
 50844 | Depths:4 | Found a runed translucent door.
 50847 | Depths:4 | Found a runed translucent door.
 50867 | Depths:4 | Received a gift from Trog
 50876 | Depths:4 | You fall into a shaft and drop 1 floor!
 50876 | Depths:5 | Entered Level 5 of the Depths
 50958 | Depths:4 | Found Ruuh's Jewellery Shoppe.
 50994 | Depths:4 | Found Zoesusm's Gadget Emporium.
 50994 | Depths:4 | Found Cogoad's Assorted Antiques.
 50997 | Depths:4 | Found Hejoz's General Store.
 51488 | Depths:4 | Found a one-way gate to the infinite horrors of the Abyss.
 51614 | Depths:4 | Got a crude ivory ring
 51678 | Depths:4 | Found a burning altar of Makhleb.
 51692 | Depths:4 | Identified the Catalogue of Burning Stolen Souls
 52310 | Depths:5 | Received a gift from Trog
 52331 | Depths:5 | Found a corrupted altar of Lugonu.
 52511 | Depths:5 | Lost intelligence.
 52511 | Depths:5 | Identified the ring "Lutuwk" {rC+ rN+ Will+ Int-5} (You
                  | found it on level 4 of the Depths)
 52551 | Depths:5 | Acquired a manual of Dodging
 52577 | Depths:5 | Found a runed translucent gate.
 52577 | Depths:5 | Found a runed translucent gate.
 52577 | Depths:5 | Found a runed translucent gate.
 52577 | Depths:5 | Noticed Izxaffuj's ghost (adept TrMo)
 52580 | Depths:5 | Noticed an ancient lich
 52580 | Depths:5 | Noticed an ancient lich
 52635 | Depths:5 | Reached skill level 10 in Dodging
 52770 | Depths:5 | Found a gate to the Realm of Zot.
 52779 | Zot:1    | Entered Level 1 of the Realm of Zot
 53235 | Zot:1    | Reached skill level 15 in Dodging
 53237 | Zot:1    | Received a gift from Trog
 53668 | Zot:2    | Noticed an orb of fire
 54083 | Zot:2    | Reached XP level 25. HP: 253/253 MP: 22/22
 55187 | Zot:3    | Noticed a Killer Klown
 55244 | Zot:3    | Received a gift from Trog
 55254 | Zot:3    | Killed a Killer Klown
 55589 | Zot:3    | You fall into a shaft and drop 1 floor!
 56057 | Zot:3    | Killed from afar by a shadow dragon

Illustrated notes

Levels and vault maps discovered:
D:1:      minmay_arrival_cross, layout_basic,
          amcnicky_mini_rare_corridor_liquid, hangedman_decor_riveting,
          lemuel_another_geyser
D:2:      layout_loops_cross, grunt_temple_overflow_magic_moments,
          nicolae_ru_the_path_less_chosen
D:3:      layout_basic
D:4:      layout_rooms, minmay_cupped
D:5:      layout_rooms, slow_altar_1, gammafunk_temple_overflow_pools,
          minmay_overflow_temple_star_quad
D:6:      layout_rooms, lemuel_coloured_pillars_altar,
          nicolae_gozag_cash_rules_everything_around_me
D:7:      layout_layer_cave, minmay_temple_entry_crystal_x
D:8:      layout_basic, serial_corexii_hall, corexii_hall_statues_u,
          corexii_hall_statues_s, chequers_hall_statues_wall_a,
          corexii_hall_statues_u
D:9:      layout_irregular_city, nicolae_qazlal_eye_of_the_storm
D:10:     layout_rooms, serial_shops, shop
D:11:     layout_rooms, grunt_lair_entry_orc_guard_hut, minmay_misc_feat_five,
          serial_bayou_pond_b, hex_intersection
D:12:     layout_long_grid, serial_shops, shop, enter_trove_5
D:13:     layout_basic, david_vaults_2, basic_altar
D:14:     layout_loops_ring, hangedman_abyss_or_decor_clamps, kennysheep_boxes,
          uniq_frances
D:15:     gammafunk_enter_depths_forms, layout_loops_ring, serial_glass,
          glass_columns_b, glass_columns_a, glass_columns_a, glass_columns_a,
          glass_columns_a, glass_columns_b, glass_columns_c, glass_columns_a,
          minmay_misc_feat_tiny, minmay_statue_bubble
Lair:1:   layout_cave_shapes, hibernation_bobbens, uniq_prince_ribbit2
Lair:2:   layout_loops_ring, swamp_mist, dummy_snake_entry, basic_altar,
          minivault_27, serial_bayou_pond_b
Lair:3:   cheibrodos_lair_river_kwai, layout_regular_city, serial_bayou,
          serial_bayou_pond_e, serial_bayou_pond_a, serial_bayou_pond_a,
          serial_bayou_pond_d, serial_bayou_lagoon_a, infiniplex_staircase_pool
Lair:4:   nzn_winding_woodlands_large [nzn_winding_woodlands_5x5_default,
          nzn_winding_woodlands_5x15_river_crossing,
          nzn_winding_woodlands_5x5_checkerboard,
          nzn_winding_woodlands_center_pierced_h,
          nzn_winding_woodlands_15x15_five_gardens,
          nzn_winding_woodlands_center_garden,
          nzn_winding_woodlands_5x5_closed_star,
          nzn_winding_woodlands_5x15_default, nzn_winding_woodlands_5x5_cross],
          layout_cave_shapes, lemuel_fruit_tree
Lair:5:   layout_misc_corridors, slime_altar_1, dpeg_oklob_1
Lair:6:   due_jungle_book, layout_regular_city, infiniplex_staircase_pool_2,
          uniq_sonja, uniq_rupert, uniq_nessos
Swamp:1:  layout_basic_swamp, portal_ice_cave_entry_dragon, serial_swamp_ruin,
          hangedman_swamp_ruin_wall, evilmike_swamp_ruin_house_4, swamp_pool1,
          hangedman_swamp_phenomena
Swamp:2:  layout_basic_swamp, evilmike_swamp_ruin_wall
Swamp:3:  layout_falls_marsh, gammafunk_ghost_wrathful_warriors,
          evilmike_swamp_ruin_house_5, uniq_donald
Swamp:4:  swamp_basic_johnstein, layout_basic_swamp, swamp_pool4
Snake:1:  layout_cave_pods
Snake:2:  layout_gridlike, serial_bayou_shore_a
Snake:3:  layout_chambers, serial_bayou_shore_b, uniq_roxanne, uniq_aizul
Snake:4:  grunt_snake_rune_spirals, layout_onion, serial_shops, shop,
          dpeg_stationary_puzzle
Orc:1:    layout_caves, nicolae_volcano_entry_lava_flow, uniq_harold
Orc:2:    st_orc_town, layout_diamond_mine, serial_shops,
          nicolae_shop_waterfront
Elf:1:    eino_elf_arrival_sip, layout_gridlike, orc_legates, minivault_16
Elf:2:    layout_geoelf_octagon, basic_altar, guppyfry_elf_castle
Elf:3:    minmay_elf_hall_four_x, layout_geoelf_castle, eino_tiny_chamber
Vaults:1: hangedman_vaults_stretched_pinwheel, v_pattern_4, vaults_room_octagon,
          hangedman_vaults_trim, ontoclasm_vaults_chip, st_lattice, v_misc_15,
          layout_vaults_omnigrid
Vaults:2: v_pattern_3, nicolae_vaults_triangles, st_squares,
          hangedman_vaults_trim, vaults_dpeg_diagonal, v_misc_28,
          vaults_room_hallway, nicolae_vaults_three_branches,
          layout_vaults_big_room, serial_shops, shop_statue
Vaults:3: v_misc_11, nicolae_vaults_ninety_degrees, vaults_room_door_hall,
          v_pattern_5, minmay_crypt_entry_necro_gods,
          vaults_standard_mumra_enter_the_diamond, v_misc_10,
          nicolae_vaults_shelves_hall, layout_vaults_omnicross, serial_shops,
          shop
Vaults:4: nicolae_vaults_specimen_jars, ontoclasm_vaults_bender,
          nicolae_vaults_mini_display_case, hangedman_vaults_slither,
          hangedman_vaults_hard_town_square, v_misc_2,
          hangedman_vaults_corner_blocks, grunt_vaults_hallway_long,
          nicolae_vaults_diagonal_hallway_9, dpeg_vaults_monster_box,
          grunt_vaults_funnel, nicolae_vaults_network_s,
          hangedman_vaults_stretched_pinwheel, layout_vaults_maze_bifur,
          serial_shops, bzr_in_the_mist, mu_enter_wizlab_4, uniq_jory
Depths:1: layout_basic, enter_ziggurat_d, minmay_misc_feat_ornament, pan_entry,
          hell_entry, kennysheep_generic_room_13, grunt_megastairs_1,
          uniq_nikola
Depths:2: minmay_spiral_squares, layout_gridlike, lemuel_crystal_altar,
          hell_entry, uniq_bai_suzhen, uniq_saint_roka
Depths:3: abrahamwl_protected_by_tso_2, layout_gridlike, hangedman_decor_push,
          grunt_hell_horde, grunt_pan_entry_spiral, minmay_shop_grove
Depths:4: evilmike_makhleb_hellhole, layout_honeycomb, abyss_entry, hell_entry,
          fountainhead, infiniplex_staircase_zigzag_2, minmay_shoptagon
Depths:5: evilmike_zot_entry_gauntlet, layout_cave_pools, hell_entry,
          abyss_entry_flame_altar, pan_entry, minmay_misc_feat_columns,
          gammafunk_ghost_necromancy
Zot:1:    layout_basic
Zot:2:    layout_gridlike
Zot:3:    layout_gridville
Zot:4:    layout_gridlike, hangedman_zot_decor_slant

Skill      XL: |  1  2  3  4  5  6  7  8  9 10 11 12 13 14 15 16 17 18 19 20 21 22 23 24 25 |
---------------+----------------------------------------------------------------------------+-----
Axes           | 4 5 6 8 9 10 12 14 16 17 18 20 21 22 23 24 26 | 26.0
Fighting       | 4 5 7 8 9 11 12 14 16 17 18 20 21 22 23 25 26 | 26.0
Armour         | 3 4 7 8 9 11 13 15 19 21 22 24 | 24.9
Dodging        | 3 5 7 8 9 17 | 17.2
Evocations     | 11 16 17 20 | 20.0

Action                   |  1- 3 |  4- 6 |  7- 9 | 10-12 | 13-15 | 16-18 | 19-21 | 22-24 | 25-27 || total
-------------------------+-------+-------+-------+-------+-------+-------+-------+-------+-------++-------
Melee: Hand axe          |    74 |    33 |       |       |       |       |       |       |       ||   107
       Headbutt          |     9 |    12 |    53 |   103 |   225 |   313 |   292 |   336 |    74 ||  1417
       War axe           |       |    23 |   226 |     5 |       |       |       |       |       ||   254
       Battleaxe         |       |       |       |    67 |       |       |   500 |    64 |       ||   631
       Broad axe         |       |       |       |    51 |       |       |       |       |       ||    51
       Executioner's axe |       |       |       |   210 |   794 |  1141 |   608 |  1250 |   275 ||  4278
       Great mace        |       |       |       |    34 |    48 |       |       |       |       ||    82
       Bardiche          |       |       |       |       |       |     9 |       |    13 |       ||    22
 Fire: Hunting sling     |       |     9 |    43 |       |       |       |       |       |       ||    52
       Shortbow          |       |       |       |    29 |    20 |       |       |       |       ||    49
       Longbow           |       |       |       |       |     2 |    19 |     9 |    20 |     4 ||    54
Invok: Berserk           |       |     1 |       |     4 |    10 |     8 |     1 |     1 |     2 ||    27
       Trog's Hand       |       |       |       |     1 |     5 |    12 |    12 |     2 |     1 ||    33
       Brothers in Arms  |       |       |       |       |     4 |     1 |     1 |     1 |       ||     7
 Abil: Evoke Flight      |       |       |       |       |       |       |       |     2 |       ||     2
Evoke: Wand              |       |     1 |       |       |       |       |       |       |       ||     1
       Tin of tremorston |       |       |       |       |     1 |       |     2 |       |       ||     3
       Condenser vane    |       |       |       |       |       |       |     1 |       |       ||     1
  Use: Scroll            |     7 |     2 |     1 |     4 |     9 |    14 |    10 |     6 |     4 ||    57
       Potion            |       |       |       |       |     3 |       |     8 |     1 |     2 ||    14
 Stab: Distracted        |       |       |       |       |       |       |     4 |       |       ||     4
       Invisible         |       |       |       |       |       |       |       |     4 |     3 ||     7
Armor: Ring mail         |     3 |       |       |       |       |       |       |       |       ||     3
       Leather armour    |     1 |    17 |     1 |       |       |       |       |       |       ||    19
       Chain mail        |    16 |     5 |       |       |       |       |       |       |       ||    21
       Plate armour      |       |       |   108 |   262 |   466 |   534 |       |       |       ||  1370
       Crystal plate arm |       |       |       |       |       |   230 |   696 |   345 |       ||  1271
       Gold dragon scale |       |       |       |       |       |       |       |   755 |   257 ||  1012
Dodge: Dodged            |    45 |    32 |   109 |   375 |   728 |   622 |   382 |   545 |   162 ||  3000
